 Dungeon Crawl Stone Soup version 0.22-a0-300-g82e80c5 (webtiles) character file.

201 b5mith the Slasher (level 5, -7/70 HPs)
             Began as a Minotaur Berserker on Mar 25, 2018.
             Was a Follower of Trog.
             Mangled by Crazy Yiuf
             ... wielding a +4 quarterstaff of chaos
              (9 damage)
             ... on level 2 of the Dungeon.
             The game lasted 00:02:53 (1401 turns).

b5mith the Slasher (Minotaur Berserker)             Turns: 1401, Time: 00:02:53

Health: -7/70      AC:  2    Str: 28    XL:     5   Next: 50%
Magic:  4/4        EV: 13    Int:  4    God:    Trog [*.....]
Gold:   85         SH:  0    Dex:  9    Spells: 4/4 levels left

rFire    . . .     SeeInvis .   a - +0 falchion
rCold    . . .     Gourm    .   (no shield)
rNeg     . . .     Faith    .   o - +0 animal skin
rPois    .         Spirit   .   (helmet restricted)
rElec    .         Reflect  .   (no cloak)
rCorr    .         Harm     .   (no gloves)
MR       .....                  (no boots)
Stlth    ..........             (no amulet)
HPRegen  0.21/turn              (no ring)
MPRegen  0.09/turn              (no ring)

@: berserking, slowed
A: retaliatory headbutt, horns 2
a: Berserk, Renounce Religion


You were on level 2 of the Dungeon.
You worshipped Trog.
Trog was aware of your devotion.
You were very hungry.

You visited 1 branch of the dungeon, and saw 2 of its levels.

You collected 85 gold pieces.

Inventory:

Hand Weapons
 a - a +0 falchion (weapon)
 b - a +0 hunting sling
Missiles
 h - 20 sling bullets
Armour
 e - a +0 ring mail
 o - a +0 animal skin (worn)
Jewellery
 f - a +2 ring of protection {unknown}
 k - an uncursed amulet of rage {unknown}
 n - an uncursed amulet of magic regeneration {unknown}
Scrolls
 d - 2 scrolls of remove curse {unknown}
 g - a scroll of amnesia {unknown}
 i - a scroll of fog {unknown}
 m - a scroll of enchant armour {unknown}
 p - a scroll of random uselessness {unknown}
 q - 4 scrolls of identify {unknown}
 r - a scroll of noise {unknown}
 t - a scroll of fear {unknown}
Potions
 j - 3 potions of cancellation {unknown}
 l - a potion of lignification {unknown}
Comestibles
 c - 2 rations
 s - a chunk of flesh


   Skills:
 + Level 4.9 Fighting
 + Level 4.9 Long Blades
 + Level 4.0 Armour
 + Level 3.6 Dodging


You had 4 spell levels left.
You didn't know any spells.

Dungeon Overview and Level Annotations

Branches:
Dungeon (2/15)

Altars:
Xom

Annotations:
D:2 Crazy Yiuf


Innate Abilities, Weirdness & Mutations

You reflexively headbutt those who attack you in melee.
You have a pair of horns on your head.


Message History

Crazy Yiuf hits you with a quarterstaff of chaos!
You are electrocuted!
* * * LOW HITPOINT WARNING * * *
A red film seems to cover your vision as you go berserk!
You feel yourself moving faster!
You feel mighty!
You are feeling very hungry.
Crazy Yiuf hits you with a quarterstaff of chaos!
* * * LOW HITPOINT WARNING * * *
You feel yourself slow down.
You slash Crazy Yiuf!
Crazy Yiuf is severely wounded.
Crazy Yiuf sings, "Trees, trees, trees, circus!"
Crazy Yiuf hits you with a quarterstaff of chaos!
* * * LOW HITPOINT WARNING * * *
Crazy Yiuf burns you.
* * * LOW HITPOINT WARNING * * *
You barely miss Crazy Yiuf.
Crazy Yiuf is severely wounded.
Crazy Yiuf hits you with a quarterstaff of chaos!
You die...

#)##
###.......######
#..#
#............##
####.#
#.......####..#
...#.# #########
##.# #....######
#.# ###..>....#
#.## #......##
#### ♣♣##..#
##.......#
#)..#♣♣ ♣♣..#..#
#[....>..#
#..g@.♣♣♣♣......#
#........#
#...#♣..♣......##
#.>......# ####
♣♣♣.♣...###
#........#
♣♣♣♣♣##
#........#
##.......##
#.........#
#.........#
#.........#


You could see Crazy Yiuf.

Vanquished Creatures
  Sigmund (D:2)
  2 oozes
  3 worms (D:2)
  2 dart slugs
  3 bats
  2 giant cockroaches
  A goblin (D:1)
  A hobgoblin (D:1)
  2 jackals (D:1)
  2 kobolds (D:2)
  A quokka (D:2)
  A ball python (D:1)
  2 frilled lizards
  5 rats (D:1)
28 creatures vanquished.

Notes
Turn   | Place    | Note
-------+----------+-------------------------------------------
     0 | D:1      | b5mith the Minotaur Berserker began the quest for the Orb.
     0 | D:1      | Reached XP level 1. HP: 19/19 MP: 0/0
   275 | D:1      | Reached XP level 2. HP: 26/27 MP: 1/1
   615 | D:2      | Noticed Sigmund
   623 | D:2      | Killed Sigmund
   623 | D:2      | Reached XP level 3. HP: 10/35 MP: 2/2
   623 | D:2      | Reached XP level 4. HP: 12/41 MP: 3/3
   623 | D:2      | Reached XP level 5. HP: 14/47 MP: 4/4
   987 | D:2      | Found a shimmering altar of Xom.
  1075 | D:2      | Found a runed door.
  1395 | D:2      | Noticed Crazy Yiuf
  1400 | D:2      | HP: 3/70 [Crazy Yiuf/quarterstaff of chaos (9)]
  1401 | D:2      | Mangled by Crazy Yiuf

Vault maps used:
D:1:      minmay_arrival_four_houses
D:2:      xom_teletrap_fun, uniq_sigmund, uniq_crazy_yiuf_cottage

Skill      XL: |  1  2  3  4  5 |
---------------+----------------+-----
Fighting       | 4 |  4.9
Long Blades    | 4 |  4.9
Armour         | 3 4 |  4.0
Dodging        | 3 |  3.6

Action                   |  1- 3 |  4- 6 || total
-------------------------+-------+-------++-------
Melee: Falchion          |    41 |    23 ||    64
       Headbutt          |     6 |     8 ||    14
Invok: Berserk           |     1 |     1 ||     2
  Eat: Chunk             |       |     2 ||     2
Armor: Animal skin       |    11 |     1 ||    12
Dodge: Dodged            |    24 |    17 ||    41
       Rpst.: Falchion   |     5 |     6 ||    11

Table legend:
 A = Spawn XP
 B = Non-spawn XP
 C = Spawn XP percentage of total XP
 D = Spawn monster count
 E = Non-spawn monster count
 F = Spawn count percentage of total count
 G = Total turns spent on level
                    A         B        C        D         E        F      G
               +---------+---------+-------+---------+---------+-------+---------
         Total |       0 |     288 |   0.0 |       0 |      28 |   0.0 |  1401
               +---------+---------+-------+---------+---------+-------+---------
           D:1 |       0 |      31 |   0.0 |       0 |      16 |   0.0 |   591
           D:2 |       0 |     257 |   0.0 |       0 |      12 |   0.0 |   810
               +---------+---------+-------+---------+---------+-------+---------
